AoeStats
← WaggonWheel7820

Migration

504110625Analyzed
1v1 RM · 27d ago on Sep 3, 2026· 48m 59s· 2 players
Game mode
Random Map
Map size
132×132
Population
200
Speed
Normal
Resources
Standard
Victory
Conquest
Starting age
Dark Age
Ending age
Imperial Age
RankedLock teamsTeams togetherTeam positionsShared explorationLock speedFull tech treeHidden civsTurbo modeCheats
Victory
Defeat
🇶🇦 Burgundians · Qatar
365
+12
🇬🇧 Franks · United Kingdom
270
-12
WaggonWheel7820
0:56 Loom
11:36 Feudal Age
14:36 Wheelbarrow
18:22 Double-Bit Axe
22:53 Gold Mining
22:54 Stone Mining
30:58 Castle Age
29:10 Scale Barding Armor
29:06 Scale Mail Armor
29:21 Forging
29:12 Padded Archer Armor
29:02 Fletching
29:52 Town Watch
35:11 Gold Shaft Mining
34:52 Arson
35:08 Squires
38:15 Gambesons
39:02 Chain Barding Armor
38:59 Chain Mail Armor
39:24 Iron Casting
39:07 Bodkin Arrow
39:31 Leather Archer Armor
44:44 #83
WhiteCoffee1515
13:08 Feudal Age
15:58 Fishing Lines
16:13 Double-Bit Axe
17:45 Bow Saw
18:23 Gillnets
19:49 Gold Mining
23:16 Castle Age
21:25 Man-at-Arms
24:43 Forging
24:34 Scale Mail Armor
25:16 Wheelbarrow
24:27 Loom
24:42 Stone Mining
26:35 Long Swordsman
27:17 Squires
27:02 Arson
27:59 Hand Cart
37:16 Imperial Age
39:10 Burgundian Vineyards
40:23 Chemistry
39:51 Ballistics
39:54 Two-Handed Swordsman
41:15 Iron Casting
40:56 Chain Mail Armor
43:13 Champion
Connection lost

Rejoining the realm…

Still unreachable

The connection could not be restored.

Session expired

The server has moved on; the page needs a fresh start.